 Dungeon Crawl Stone Soup version 0.31-a0-431-g88bdf31460 (webtiles) character file.

Game seed: 4796643830558292369

1286 porpoise the Cleaver (level 8, 63/63 HPs)
             Began as a Minotaur Gladiator on Aug 1, 2023.
             Was an Initiate of Ru.
             Quit the game on level 7 of the Dungeon.
             The game lasted 00:17:17 (5099 turns).

porpoise the Cleaver (Minotaur Gladiator)           Turns: 5099, Time: 00:17:17

Health: 63/63      AC:  7    Str: 21    XL:     8   Next: 30%
Magic:  7/7        EV: 11    Int:  5    God:    Ru [......]
Gold:   185        SH:  5    Dex: 12    Spells: 7/7 levels left

rFire   . . .        a - +2 war axe (drain)
rCold   + . .        t - +0 buckler
rNeg    . . .        m - +0 ring mail
rPois   .            c - +0 hat
rElec   .            F - +0 cloak
rCorr   .            C - +0 pair of gloves
SInv    .            (no boots)
Will    .....        (no amulet)
Stlth   +            h - ring of protection from cold
HPRegen 0.30/turn    (no ring)
MPRegen 0.10/turn

%: no passive effects
@: no status effects
A: reduced essence, horns 2, retaliatory headbutt
a: Renounce Religion


You were on level 7 of the Dungeon.
You worshipped Ru.
Ru was noncommittal.
You visited 2 branches of the dungeon, and saw 8 of its levels.

You collected 331 gold pieces.
You spent 146 gold pieces at shops.

Inventory:

Hand Weapons
 a - a +2 war axe of draining (weapon)
 b - a +0 sling
Missiles
 d - 3 throwing nets (quivered)
 e - a javelin
 j - 12 poisoned darts
Armour
 c - a +0 hat (worn)
 m - a +0 ring mail (worn)
 t - a +0 buckler (worn)
 C - a +0 pair of gloves (worn)
 F - a +0 cloak (worn)
Jewellery
 h - a ring of protection from cold (left hand)
Wands
 s - a wand of iceblast (15)
 A - a wand of paralysis (8)
 B - a wand of flame (15)
Scrolls
 f - 2 scrolls of noise
 g - 3 scrolls of teleportation
 i - 2 scrolls of enchant weapon
 l - a scroll of brand weapon {unknown}
 n - a scroll of fear
 q - a scroll of fog {unknown}
 w - a scroll of blinking {unknown}
 y - a scroll of immolation {unknown}
 z - a scroll of vulnerability {unknown}
 E - a scroll of silence {unknown}
 G - a scroll of acquirement {unknown}
Potions
 k - a potion of mutation
 o - a potion of magic
 p - a potion of curing
 r - 2 potions of heal wounds
 u - a potion of haste
 v - 3 potions of lignification
 x - a potion of enlightenment
 D - a potion of might
 H - a potion of cancellation {unknown}


   Skills:
 + Level 6.7 Fighting
 * Level 9.7 Axes
 - Level 2.0 Throwing
 - Level 3.2 Dodging
 + Level 4.7 Shields


You had 7 spell levels left.
You didn't know any spells.
Your spell library contained the following spells:

 Spells                   Type           Power      Damage    Failure   Level
 Tukima's Dance           Hex            0%         N/A       97%         3
 Passage of Golubria      Tloc           0%         N/A       100%        4
 Yara's Violent Unravell  Hex/Tmut       0%         3d3       100%        5


Dungeon Overview and Level Annotations

Branches:
Dungeon (7/15)             Temple (1/1) D:4

Altars:
Cheibriados
Dithmenos
Fedhas
Hepliaklqana
Kikubaaqudgha
Makhleb
Nemelex Xobeh
Qazlal
Ru
Trog
Vehumet
Xom
The Shining One

Shops:
D:4 :(


Innate Abilities, Weirdness & Mutations

Your life essence is reduced to manifest your ancestor. (-10% HP)
You have a pair of horns on your head.
You reflexively headbutt those who attack you in melee.


Message History

You slash the iguana!
You kill the iguana!
No target in view!
g - 3 scrolls of teleportation (gained 1)
You see here 6 stones.
You swap places.
You swap places.
You swap places.
You swap places.
You swap places.
You swap places.
There is a stone staircase leading down here.
You swap places.
Found 8 stones.
No target in view!
No target in view!
Found a stone staircase leading down.
v - 3 potions of lignification (gained 1)
You now have 185 gold pieces (gained 8).
H - a puce potion You open the door.
There is an open door here.
You open the door.
Found a sacrificial altar of Ru.
No target in view!
There is an open door here.
Found a scale mail.
There is a sacrificial altar of Ru here.
You kneel at the altar of Ru.
You have lost your religion!
Hepliaklqana does not appreciate desertion!
Nikki returns to the mists of memory.
Ru welcomes you!
Unknown command.
Press < or > to pray at altars.
Unknown command.
Press < or > to pray at altars.
Are you sure you want to abandon this character and quit the game? (Confirm with "yes".)
Okay, then.
Are you sure you want to abandon this character and quit the game? (Confirm with "yes".)

...♣...♣...# ##..........
#...........# ######.....
+..♣..♣..♣..+ ##....
#...........# #....
#...♣...♣...# #....
#....♣....### #.... +.......'#.#
###.... ##.....##..# ####......
###'###[.@# ##.........
###...######## #......#..#
#.##.## #.... ##...####..# #.#.#
#...####....# ##.. ##...#
#...##......# ##... ##..###
#...###.....###.... #####...##
#....###....##..... .........##
#....###....#......
.....##...####...............##.


There were no monsters in sight!

Vanquished Creatures
  Grinder (D:4)
  Menkaure (D:5)
  A sky beast (D:6)
  A centaur (D:6)
  2 phantoms
  A bullfrog (D:6)
  A scorpion (D:5)
  A crimson imp (D:6)
  A hound (D:6)
  An iguana (D:7)
  Natasha (thrice) (D:2)
  An orc wizard (D:2)
  Robin (D:2)
  3 gnolls (D:4)
  7 adders
  3 shadow imps (D:6)
  2 white imps
  An ufetubus (D:6)
  A worm (D:4)
  A dart slug (D:2)
  13 orcs
  6 endoplasms
  5 giant cockroaches
  20 goblins
  6 hobgoblins
  4 jackals (D:2)
  2 quokkas
  9 ball pythons
  7 bats
  13 frilled lizards
  4 kobolds
  A rat (D:2)
124 creatures vanquished.

Vanquished Creatures (collateral kills)
  A hound (D:6)
  2 iguanas
3 creatures vanquished.

Vanquished Creatures (others)
  An ancestor (D:5)
1 creature vanquished.

Grand Total: 128 creatures vanquished

Notes
Turn   | Place    | Note
-------+----------+-------------------------------------------
     0 | D:1      | porpoise the Minotaur Gladiator began the quest for the
                  | Orb.
     0 | D:1      | Reached XP level 1. HP: 18/18 MP: 0/0
   114 | D:1      | Reached skill level 4 in Axes
   124 | D:1      | Reached XP level 2. HP: 24/25 MP: 1/1
   823 | D:2      | Reached XP level 3. HP: 31/31 MP: 2/2
   827 | D:2      | Noticed Robin
   838 | D:2      | Killed Robin
   839 | D:2      | Reached skill level 5 in Axes
   965 | D:2      | Noticed Natasha
   973 | D:2      | Killed Natasha
   974 | D:2      | Reached XP level 4. HP: 25/40 MP: 3/3
  1050 | D:2      | Found a shadowy altar of Dithmenos.
  1282 | D:2      | Reached skill level 6 in Axes
  1282 | D:2      | Reached XP level 5. HP: 35/46 MP: 4/4
  1460 | D:2      | Noticed Natasha
  1464 | D:2      | Killed Natasha
  1671 | D:2      | Noticed Natasha
  1675 | D:2      | Killed Natasha
  2493 | D:4      | Found Baimobempu's Weapon Shoppe.
  2513 | D:4      | Bought a +1 war axe of draining for 146 gold pieces
  2609 | D:4      | Found Woiraratai's Book Shoppe.
  2615 | D:4      | Reached skill level 1 in Shields
  2615 | D:4      | Reached XP level 6. HP: 53/53 MP: 5/5
  2769 | D:4      | Found a hazy altar of Hepliaklqana.
  2770 | D:4      | Found a shadowy altar of Dithmenos.
  2772 | D:4      | Noticed a shadow
  2785 | D:4      | Became a worshipper of Hepliaklqana the Forgotten
  2845 | D:4      | Reached skill level 7 in Axes
  2873 | D:4      | Noticed Grinder
  2884 | D:4      | Killed Grinder
  2885 | D:4      | Reached skill level 5 in Fighting
  3085 | D:4      | Found a staircase to the Ecumenical Temple.
  3097 | Temple   | Entered the Ecumenical Temple
  3176 | D:5      | Entered Level 5 of the Dungeon
  3227 | D:5      | Reached XP level 7. HP: 61/61 MP: 6/6
  3249 | D:5      | Reached skill level 8 in Axes
  3334 | D:5      | Found a stormy altar of Qazlal.
  3367 | D:5      | Reached * piety under Hepliaklqana
  3632 | D:5      | Noticed Menkaure
  3645 | D:5      | Killed Menkaure
  4092 | D:6      | Reached skill level 9 in Axes
  4100 | D:6      | Reached XP level 8. HP: 48/63 MP: 7/7
  5093 | D:7      | Found a sacrificial altar of Ru.
  5098 | D:7      | Fell from the grace of Hepliaklqana
  5098 | D:7      | Became a worshipper of Ru the Awakened
  5099 | D:7      | Quit the game

Illustrated notes

Levels and vault maps discovered:
D:1:      dpeg_arrival_leaves_temple_mockup, layout_loops_ring, serial_rivers,
          chequers_serial_rivers_large_a, chequers_serial_rivers_micro_d,
          chequers_serial_rivers_micro_d, chequers_serial_rivers_micro_c,
          chequers_serial_rivers_room_a
D:2:      layout_basic, serial_forest, infiniplex_forest_clump_C,
          infiniplex_forest_lined_ring, infiniplex_forest_zigzag_1,
          infiniplex_forest_clump_double, infiniplex_forest_lined_3,
          infiniplex_forest_clump_large, infiniplex_forest_straight_1,
          basic_altar, minmay_lizard_pond, uniq_robin, uniq_natasha
D:3:      layout_loops_ring
D:4:      layout_basic, riverfiend_overflow_shadow_ancestor,
          minmay_temple_entry_antechambers, serial_shops, shop,
          nicolae_book_shop_shelving, minivault_27, uniq_grinder
D:5:      layout_loops_ring, mainiacjoe_overflow_boulevard, serial_glass,
          glass_columns_a, glass_columns_c, glass_columns_a, glass_columns_b,
          glass_columns_a, item_on_display_a, uniq_menkaure
D:6:      layout_basic, minmay_fire_ice_demons
D:7:      layout_layer_cave, grunt_temple_overflow_octagram
Temple:   nicolae_temple_figure_zero

Skill      XL: |  1  2  3  4  5  6  7 |
---------------+----------------------+-----
Axes           | 4 5 6 7 9 |  9.7
Fighting       | 3 4 5 6 |  6.7
Shields        | 1 2 4 |  4.7
Throwing       | |  2.0
Dodging        | |  3.2

Action                     |  1- 3 |  4- 6 |  7- 9 || total
---------------------------+-------+-------+-------++-------
  Melee: War axe           |    80 |   104 |    69 ||   253
         Headbutt          |     8 |    12 |    14 ||    34
         Punch             |       |     1 |       ||     1
   Fire: Sling             |     1 |    11 |     2 ||    14
 Invoke: Ancestor Identity |       |       |     1 ||     1
    Use: Scroll            |     1 |     8 |     4 ||    13
 Armour: Leather armour    |     9 |       |       ||     9
         Ring mail         |    18 |    34 |    17 ||    69
  Dodge: Dodged            |    50 |    48 |    27 ||   125
  Block: Buckler           |       |     6 |    10 ||    16

Table legend: (Time is in decaauts)
 A = Elapsed time spent in this place.
 B = Non-inter-level travel time spent in this place.
 C = Inter-level travel time spent in this place.
 D = Time resting spent in this place.
 E = Time spent auto-exploring this place.
 F = Levels seen in this place.
 G = Mean time per level.
                   A        B        C        D        E       F      G
               +--------+--------+--------+--------+--------+-----+--------+
         Total |   5151 |   4884 |    267 |    518 |   3546 |   8 |  643.9 |
       Dungeon |   5149 |   4882 |    267 |    518 |   3546 |   7 |  735.6 |
        Temple |      1 |      1 |      0 |      0 |      0 |   1 |    1.0 |
               +--------+--------+--------+--------+--------+-----+--------+

Top non-repeatable levels by time:
     D:2: 942 daAuts
     D:5: 846 daAuts
     D:4: 801 daAuts
     D:1: 787 daAuts
     D:6: 739 daAuts
     D:3: 688 daAuts
     D:7: 343 daAuts
  Temple: 1 daAuts
